 Dungeon Crawl Stone Soup version 0.30.1 (webtiles) character file.

Game seed: 11129617149138660907

148 Pepete the Magician (level 5, 0/35 HPs)
             Began as a Djinni Air Elementalist on July 9, 2023.
             Shot with an arrow by a centaur (10 damage)
             ... on level 4 of the Dungeon.
             The game lasted 00:04:19 (4367 turns).

Pepete the Magician (Djinni Air Elementalist)       Turns: 4367, Time: 00:04:20

Health: 0/35       AC:  3    Str:  0 (2)  XL:     5   Next: 56%
Gold:   200        EV: 12    Int: 16 (19) God:
                   SH:  0    Dex: 12 (13)

rFire   + + .        r - staff of conjuration
rCold   . . .        (no shield)
rNeg    + + .        j - +0 robe
rPois   ∞            (no helmet)
rElec   .            e - +0 cloak
rCorr   +            (no gloves)
SInv    .            (boots unavailable)
Will    +....        (no amulet)
Stlth   ++           n - ring of positive energy
HPRegen 0.00/turn    i - ring of Voad {rC+ rN+ Will+ rCorr Str-5}
MPRegen 0.00/turn

%: infuse magic (-1 HP)
@: flying, inhibited regen, slowed, lost strength, very slow
A: sickness immunity, fire resistance 2, cold vulnerability 1, float, innate
caster, HP casting, extra vitality 1
a: no special abilities


You were on level 4 of the Dungeon.
You visited 1 branch of the dungeon, and saw 4 of its levels.

You collected 200 gold pieces.

Inventory:

Armour
 e - a +0 cloak (worn)
 j - a +0 robe (worn)
 o - a +0 leather armour of positive energy
Magical Staves
 r - a staff of conjuration (weapon)
Jewellery
 i - the ring of Voad (right hand) {rC+ rN+ Will+ rCorr Str-5}
   (You acquired it on level 3 of the Dungeon)

   [ring of resist corrosion]

   Str:       It affects your strength (-5).
   rC:        It protects you from cold.
   rN:        It protects you from negative energy.
   rCorr:     It protects you from acid and corrosion.
   Will:      It increases your willpower.
 n - a ring of positive energy (left hand)
Wands
 a - a wand of flame (16)
Scrolls
 d - 2 scrolls of identify
 g - a scroll of enchant weapon
 h - a scroll of poison
 q - 2 scrolls of fear {unknown}
Potions
 b - a potion of degeneration
 c - 4 potions of curing
 f - a potion of brilliance
 k - a potion of flight
 l - a potion of resistance
 m - a potion of magic
 p - a potion of lignification {unknown}


   Skills:
 * Level 3.2 Armour
 - Level 2.1 Dodging
 - Level 1.5 Stealth
 * Level 3.6 Spellcasting


You knew the following spells:

 Your Spells              Type           Power      Damage    Failure   Level
a - Shock                 Conj/Air       84%        1d8       4%          1
b - Static Discharge      Conj/Air       42%        2-4/arc   6%          2
c - Swiftness             Air            14%        N/A       12%         3
d - Airstrike             Air            7%         2d(1-17)  36%         4
e - Necrotise             Necr           56%        1d6       4%          1
f - Ensorcelled Hibernat  Hex/Ice        28%        N/A       6%          2
Your spell library was empty.

Dungeon Overview and Level Annotations

Branches:
Dungeon (4/15)             Temple (0/1) D:4

Altars:
Hepliaklqana
Trog

Shops:
D:2 (


Innate Abilities, Weirdness & Mutations

You are immune to sickness and miasma.
You are immune to poison.
Your flesh is very heat resistant. (rF++)
You are vulnerable to cold. (rC-)
You float through the air rather than walking.
You learn spells naturally, not from books.
Your magical power is your life essence.
You have superior vitality. (+4 MHP)


Message History

That beam is likely to hit you.
Continue anyway? [Y]es or [N]o only, please.
That beam is likely to hit you.
Continue anyway? [Y]es or [N]o only, please.
That beam is likely to hit you.
Continue anyway? [Y]es or [N]o only, please.
That beam is likely to hit you.
Continue anyway?
Okay, then.
Casting: Shock (safe; 4% risk of failure)
Confirm with . or Enter, or press ? or * to list all spells.
Aiming: Shock (safe; 4% risk of failure)
Press: ? - help, Shift-Dir - straight line, f/p - orc
Aim: an orc, wielding a +0 club and wearing a +0 leather armour (74% to hit)
You feel a surge of power! That beam is likely to hit you.
Continue anyway? [Y]es or [N]o only, please.
That beam is likely to hit you.
Continue anyway? [Y]es or [N]o only, please.
That beam is likely to hit you.
Continue anyway?
Okay, then.
The orc hits you with a +0 club.
You feel a surge of power!
The zap hits the orc.
The orc is heavily wounded.
The orc hits you but does no damage.
You feel a surge of power!
The zap hits the orc.
You kill the orc!
You can't see any susceptible monsters within range! (Use Z to cast anyway.)
You can't see any susceptible monsters within range! (Use Z to cast anyway.)
You start resting.
A centaur comes into view. It is wielding a +0 whip.
A centaur is nearby!
A centaur is nearby!
You feel a surge of power!
The zap hits the centaur!
The centaur is moderately wounded.
The centaur unwields a +0 whip.
The centaur wields a +0 shortbow.
The centaur shoots an arrow.
The arrow hits you!
The centaur shoots an arrow.
The arrow hits you!
* * * LOW HITPOINT WARNING * * *
The centaur shoots an arrow.
The arrow hits you!
You die...

...............#.⌠..P.
.......###.#####......
....... #.....#......
...##########.#.#..##
###......# #...#.##
#........### #####.#
.........)>###.....#
.##.....#.#...#####
#.@...#.)...#
#....)...#.#)..#
#............#...#
....#.).#....#...# ...
#.⌠.#....#...# ..
#..)###..##### . .....
...# c..>.. ...#


You could see a centaur.

Vanquished Creatures
  7 adders
  A worm (D:2)
  2 dart slugs
  8 orcs (D:4)
  7 ball pythons
  5 bats
  5 endoplasms
  4 giant cockroaches
  5 goblins
  7 hobgoblins
  4 jackals (D:1)
  3 frilled lizards (D:1)
  3 kobolds
  7 rats
68 creatures vanquished.

Notes
Turn   | Place    | Note
-------+----------+-------------------------------------------
     0 | D:1      | Pepete the Djinni Air Elementalist began the quest for the
                  | Orb.
     0 | D:1      | Pepete set off with the following spells memorised: Shock,
                  | Static Discharge, Swiftness, Airstrike.
     0 | D:1      | Reached XP level 1. HP: 15/15 MP: 0/0
   265 | D:1      | Reached skill level 1 in Armour
   265 | D:1      | Reached XP level 2. HP: 18/21 MP: 0/0
   853 | D:1      | Reached XP level 3. HP: 24/25 MP: 0/0
   853 | D:1      | Learned a level 1 spell: Necrotise
  1663 | D:2      | Found a hazy altar of Hepliaklqana.
  1821 | D:2      | Reached XP level 4. HP: 27/31 MP: 0/0
  2536 | D:2      | Found Tauboj's Antique Weapon Boutique.
  3300 | D:3      | Found a faded altar of an unknown god.
  3563 | D:3      | Found a hazy altar of Hepliaklqana.
  3563 | D:3      | Found a bloodstained altar of Trog.
  3881 | D:3      | Reached XP level 5. HP: 24/35 MP: 0/0
  3881 | D:3      | Learned a level 2 spell: Ensorcelled Hibernation
  4040 | D:3      | Identified a scroll of acquirement
  4041 | D:3      | Acquired the ring of Voad {rC+ rN+ Will+ rCorr Str-5}
  4047 | D:3      | Lost strength.
  4343 | D:4      | Found a staircase to the Ecumenical Temple.
  4366 | D:4      | Noticed a centaur
  4367 | D:4      | Shot with an arrow by a centaur

Illustrated notes

Levels and vault maps discovered:
D:1:      lemuel_arrival_lava_pool, layout_loops_corners, minivault_14
D:2:      layout_basic, basic_altar, serial_shops, shop
D:3:      layout_basic, gammafunk_temple_overflow_statue,
          nicolae_ecumenical_snake_handling
D:4:      layout_basic, tso_oasis_becter,
          chequers_temple_overflow_statue_of_worship,
          minmay_temple_entry_junction_2

Skill      XL: |  1  2  3  4  5 |
---------------+----------------+-----
Armour         | 1 2 3 |  3.2
Spellcasting   | 3 |  3.6
Dodging        | |  2.1
Stealth        | |  1.5

Action                     |  1- 3 |  4- 6 || total
---------------------------+-------+-------++-------
  Melee: Unarmed           |       |     1 ||     1
   Cast: Shock             |    71 |   100 ||   171
    Use: Scroll            |     2 |     5 ||     7
         Potion            |     1 |     3 ||     4
 Armour: Robe              |     2 |     2 ||     4
         Leather armour    |       |     3 ||     3
  Dodge: Dodged            |    17 |    16 ||    33
